 Dungeon Crawl Stone Soup version 0.23.2-33-g5129a83184 (webtiles) character file.

Game seed: 17657863450005387411

2993 FishyPogo the Covered (level 9, -8/78 HPs)
             Began as a Minotaur Berserker on July 26, 2019.
             Was an Elder of Trog.
             Killed from afar by an electric eel (13 damage)
             ... with a bolt of electricity
             ... on level 7 of the Dungeon.
             The game lasted 00:52:28 (6467 turns).

FishyPogo the Covered (Minotaur Berserker)          Turns: 6467, Time: 00:52:31

Health: -8/78      AC:  9    Str: 24    XL:     9   Next: 54%
Magic:  11/11      EV: 11    Int:  8    God:    Trog [****..]
Gold:   69         SH:  0    Dex: 11    Spells: 8/8 levels left

rFire    . . .     SeeInvis .   b - +5 flail (holy)
rCold    . . .     Gourm    .   (no shield)
rNeg     . . .     Faith    .   C - -1 chain mail (curse)
rPois    .         Spirit   .   (helmet restricted)
rElec    .         Reflect  .   (no cloak)
rCorr    .         Harm     .   (no gloves)
MR       .....                  (no boots)
Stlth    ..........             (no amulet)
HPRegen  0.23/turn              d - ring of flight
MPRegen  0.12/turn              i - +4 ring of intelligence

@: flying
A: retaliatory headbutt, horns 2
a: Berserk, Trog's Hand, Brothers in Arms, Renounce Religion


You were on level 7 of the Dungeon.
You worshipped Trog.
Trog was greatly pleased with you.
You were hungry.

You visited 2 branches of the dungeon, and saw 8 of its levels.

You collected 329 gold pieces.
You spent 260 gold pieces at shops.

Inventory:

Hand Weapons
 a - a +0 falchion
 b - a +5 flail of holy wrath (weapon)
 s - a +2 flail of protection
Missiles
 g - 163 stones (quivered)
 l - 7 steel javelins
 m - 3 javelins
Armour
 e - a +0 ring mail
 B - a +0 scale mail
 C - a cursed -1 chain mail (worn)
Jewellery
 d - a ring of flight (left hand)
 i - a +4 ring of intelligence (right hand)
 t - an uncursed ring of resist corrosion
 y - an uncursed ring of protection from magic
Wands
 f - a wand of acid (9)
 A - a wand of flame (12)
Scrolls
 k - 2 scrolls of teleportation
 v - 4 scrolls of identify
 z - a scroll of brand weapon
Potions
 h - a potion of agility
 j - a potion of lignification
 n - a potion of ambrosia {unknown}
 o - a potion of haste {unknown}
 p - a potion of flight
 r - 2 potions of curing
 u - 3 potions of heal wounds
 D - a potion of cancellation {unknown}
Comestibles
 c - a ration


   Skills:
 + Level 6.7 Fighting
 + Level 6.7 Long Blades
 * Level 5.1 Maces & Flails
 * Level 4.2 Throwing
 * Level 7.1 Armour
 + Level 6.2 Dodging
 * Level 4.9 Evocations


You had 8 spell levels left.
You didn't know any spells.
Your spell library contained the following spells:

 Spells                   Type           Power        Failure   Level  Hunger
 Confusing Touch          Hex            #.....       95%         1    ##.....
 Confuse                  Hex            #.......     100%        3    ####...
 Gell's Gravitas          Tloc           #.........   100%        3    ####...
 Petrify                  Tmut/Erth      #.......     100%        4    #####..
 Metabolic Englaciation   Hex/Ice        #.........   100%        5    ######.
 Yara's Violent Unravell  Hex/Tmut       #.........   100%        5    ######.


Dungeon Overview and Level Annotations

Branches:
Dungeon (7/15)             Temple (1/1) D:6

Altars:
Ashenzari
Cheibriados
Dithmenos
Elyvilon
Fedhas
Gozag
Hepliaklqana
Kikubaaqudgha
Nemelex Xobeh
Okawaru
Qazlal
Ru
Sif Muna
Trog
Uskayaw
Vehumet
Wu Jian
Xom
Yredelemnul
The Shining One

Shops:
D:5 ?   D:6 }

Annotations:
D:7 exclusion: orange crystal statue


Innate Abilities, Weirdness & Mutations

You reflexively headbutt those who attack you in melee.
You have a pair of horns on your head.


Message History

The electric eel shoots out a bolt of lightning at you!
The bolt of electricity hits the electric eel.
The electric eel completely resists.
The bolt of electricity hits you.
The electric eel shoots out a bolt of lightning at you!
The bolt of electricity hits you! The bolt of electricity misses you.
The electric eel shoots out a bolt of lightning at you!
The bolt of electricity hits you.
The electric eel shoots out a bolt of lightning at you!
The bolt of electricity hits the electric eel.
The electric eel completely resists.
The bolt of electricity hits you!
* * * LOW HITPOINT WARNING * * *
The electric eel shoots out a bolt of lightning at you!
The bolt of electricity misses you.
The electric eel shoots out a bolt of lightning at you!
The bolt of electricity hits the electric eel.
The electric eel completely resists.
The bolt of electricity hits you!
* * * LOW HITPOINT WARNING * * *
The electric eel shoots out a bolt of lightning at you!
The bolt of electricity hits you!
You die...

.....≈≈≈≈≈≈##
..#.#.≈≈≈≈≈≈###
...#.≈≈≈≈≈≈≈≈##
#####...≈≈≈≈≈≈≈#
#.)≈≈≈##≈≈≈##
#....≈###≈≈≈##
#...≈## ##≈≈≈##
#)...# #≈≈≈≈#
#....# ##≈@≈##
......# ##≈≈≈#
.......# #≈≈≈##
...#.....#
#≈≈≈≈#
..##....$#
##≈≈≈## .#
##....# ##;≈≈#
#≈≈≈# #;≈≈#
#≈≈≈##


You could see 2 electric eels.

Vanquished Creatures
  Pikel (D:7)
  Prince Ribbit (D:6)
  Menkaure (D:6)
  Edmund (D:4)
  A water moccasin (D:6)
  Duvessa (D:6)
  Purgy (D:4)
  2 orc warriors
  An ice beast (D:5)
  4 slaves (D:7)
  3 phantoms
  An ogre (D:6)
  Blork the orc (D:4)
  Dowan (D:6)
  A howler monkey (D:5)
  2 centaur zombies (D:5)
  4 jellies
  A hound (D:7)
  4 orc priests
  9 orc wizards
  Jessica (D:2)
  Terence (D:3)
  3 worker ants
  A hound skeleton (D:4)
  3 gnolls
  A river rat (D:6)
  7 adders
  A shadow imp (D:5)
  An ooze (D:1)
  An adder skeleton (D:5)
  11 worms
  A dart slug (D:1)
  4 leopard geckos
  27 orcs
  8 giant cockroaches
  8 goblins
  8 hobgoblins
  3 jackals (D:1)
  3 quokkas
  9 bats
  7 frilled lizards
  8 kobolds
  16 rats
174 creatures vanquished.

Vanquished Creatures (collateral kills)
  An ogre (D:5)
  An iguana (D:6)
  A worker ant (D:6)
  A ball python (D:5)
4 creatures vanquished.

Grand Total: 178 creatures vanquished

Notes
Turn   | Place    | Note
-------+----------+-------------------------------------------
     0 | D:1      | FishyPogo the Minotaur Berserker began the quest for the
                  | Orb.
     0 | D:1      | Reached XP level 1. HP: 19/19 MP: 0/0
   298 | D:1      | Reached XP level 2. HP: 24/27 MP: 1/1
   506 | D:1      | Reached XP level 3. HP: 33/33 MP: 2/2
   573 | D:1      | Reached skill level 3 in Armour
   660 | D:1      | Reached ** piety under Trog
  1149 | D:2      | Reached XP level 4. HP: 41/41 MP: 3/3
  1577 | D:2      | Noticed Jessica
  1579 | D:2      | Killed Jessica
  1914 | D:3      | Reached XP level 5. HP: 47/47 MP: 4/4
  1928 | D:3      | Found a deep blue altar of Sif Muna.
  1928 | D:3      | Found a glowing golden altar of the Shining One.
  1928 | D:3      | Found a white marble altar of Elyvilon.
  1928 | D:3      | Found a snail-covered altar of Cheibriados.
  1928 | D:3      | Found a shadowy altar of Dithmenos.
  2012 | D:3      | Noticed Terence
  2019 | D:3      | Killed Terence
  2019 | D:3      | Reached *** piety under Trog
  2194 | D:3      | Reached skill level 1 in Evocations
  2471 | D:4      | Reached skill level 4 in Armour
  2472 | D:4      | Reached XP level 6. HP: 55/55 MP: 4/6
  2475 | D:4      | Found an iron altar of Okawaru.
  2476 | D:4      | Reached skill level 5 in Fighting
  2536 | D:4      | Reached skill level 5 in Long Blades
  2994 | D:4      | Reached XP level 7. HP: 61/61 MP: 7/7
  3053 | D:4      | Found a sacrificial altar of Ru.
  3096 | D:4      | Noticed Edmund
  3101 | D:4      | Killed Edmund
  3101 | D:4      | Reached skill level 5 in Dodging
  3173 | D:4      | Noticed Blork the orc
  3177 | D:4      | Killed Blork the orc
  3234 | D:4      | Reached **** piety under Trog
  3265 | D:4      | Noticed Purgy
  3283 | D:4      | Killed Purgy
  3283 | D:4      | Reached skill level 1 in Maces & Flails
  3283 | D:4      | Reached skill level 1 in Throwing
  3283 | D:4      | Reached skill level 5 in Armour
  3324 | D:5      | Entered Level 5 of the Dungeon
  3395 | D:5      | Reached XP level 8. HP: 59/70 MP: 9/9
  4046 | D:5      | Found Ubbetora's Magic Scroll Boutique.
  4049 | D:5      | Bought a scroll of brand weapon for 260 gold pieces
  4100 | D:6      | Noticed Dowan
  4101 | D:6      | Noticed Duvessa
  4116 | D:6      | Killed Duvessa
  4173 | D:6      | Killed Dowan
  4407 | D:6      | Found Rihin's Gadget Shoppe.
  4654 | D:6      | Reached skill level 6 in Armour
  4821 | D:6      | Found a staircase to the Ecumenical Temple.
  4821 | D:6      | Noticed Menkaure
  4833 | D:6      | Killed Menkaure
  5024 | Temple   | Entered the Ecumenical Temple
  5389 | D:6      | Noticed Prince Ribbit
  5466 | D:6      | Reached XP level 9. HP: 74/75 MP: 11/11
  5531 | D:6      | Killed Prince Ribbit
  6026 | D:7      | Noticed Pikel
  6036 | D:7      | Killed Pikel
  6036 | D:7      | Reached skill level 5 in Maces & Flails
  6036 | D:7      | Reached skill level 7 in Armour
  6460 | D:7      | Noticed an orange crystal statue
  6467 | D:7      | Killed from afar by an electric eel

Skill      XL: |  1  2  3  4  5  6  7  8  9 |
---------------+----------------------------+-----
Long Blades    | 4 5 6 |  6.7
Fighting       | 4 5 6 |  6.7
Armour         | 3 4 5 6 7 |  7.1
Dodging        | 3 4 5 6 |  6.2
Evocations     | 1 2 3 4 |  4.9
Maces & Flails | 1 4 5 |  5.1
Throwing       | 1 3 4 |  4.2

Action                   |  1- 3 |  4- 6 |  7- 9 || total
-------------------------+-------+-------+-------++-------
Melee: Falchion          |    75 |   128 |   231 ||   434
       Headbutt          |    17 |    30 |    59 ||   106
       Flail             |       |       |     7 ||     7
Throw: Stone             |     8 |    36 |    64 ||   108
Invok: Berserk           |     2 |     3 |    11 ||    16
       Trog's Hand       |     1 |     1 |     8 ||    10
       Brothers in Arms  |       |       |     2 ||     2
 Abil: Evoke Flight      |       |       |     1 ||     1
  Use: Potion            |       |     1 |     3 ||     4
       Scroll            |       |     1 |     5 ||     6
  Eat: Chunk             |     2 |     9 |    26 ||    37
Armor: Ring mail         |     9 |    29 |    60 ||    98
       Skin              |       |       |     9 ||     9
Dodge: Dodged            |    31 |    68 |   139 ||   238
       Rpst.: Falchion   |     8 |    23 |    30 ||    61
